 Dungeon Crawl Stone Soup version 0.31.0-11-ge490571c62 (webtiles) character file.

Game seed: 14584149735814026975

265356 fmpn781 the Executioner (level 19, -1/180 HPs)
             Began as a Minotaur Fighter on Feb 4, 2024.
             Shot with an arrow by a centaur warrior (3 damage)
             ... on level 2 of the Vaults on Feb 9, 2024.
             The game lasted 02:57:35 (65626 turns).

fmpn781 the Executioner (Minotaur Fighter)         Turns: 65626, Time: 02:57:35

Health: -1/180     AC: 31    Str: 30    XL:     19   Next: 30%
Magic:  16/30      EV: 10    Int: 11    God:
Gold:   2071       SH: 20    Dex: 15    Spells: 25/35 levels left

rFire   . . .        q - +5 broad axe (freeze)
rCold   . . .        g - +0 tower shield
rNeg    . . .        Y - +2 plate armour {rPois}
rPois   +            u - +1 hat {Stlth+}
rElec   .            H - +0 cloak
rCorr   .            G - +2 pair of gloves {infuse}
SInv    .            e - +3 pair of seven-league boots {Rampage+∞}
Will    +....        l - amulet of magic regeneration Stlth
                     B - +6 ring of dexterity
HPRegen 0.50/turn    x - +6 ring of strength
MPRegen 0.62/turn

%: rampage+∞, infuse magic (1 MP)
@: frozen, very slow
A: horns 2, retaliatory headbutt
}: 2/15 runes: decaying, gossamer
a: no special abilities


You were on level 2 of the Vaults.
You visited 6 branches of the dungeon, and saw 32 of its levels.
You also visited: Sewer.

You collected 2722 gold pieces.
You spent 651 gold pieces at shops.

Inventory:

Hand Weapons
 b - a +2 vampiric hand axe
 q - a +5 broad axe of freezing (weapon)
 t - a +2 trident of freezing
Missiles
 f - 11 poisoned darts (quivered)
 C - 5 throwing nets
 N - 16 curare-tipped darts
Armour
 e - the +3 pair of seven-league boots (worn) {Rampage+∞}
   (You found it on level 3 of the Lair of Beasts)

   Rampage+∞: When moving toward enemies, its wearer moves as far as possible,
   alerting their target en route.
 g - a +0 tower shield (worn)
 u - a +1 hat of stealth (worn)
 y - the +3 hat of Pondering {ponderous, Will+ MP+10 Int+5}
   (You took it off Gastronok on level 10 of the Dungeon)

   Int+5:     It affects your intelligence (+5).
   Will+:     It increases your willpower.
   MP+10:     It affects your magic capacity (+10).
 G - a +2 pair of gloves of infusion (worn)
 H - a +0 cloak (worn)
 I - a +4 plate armour of fire resistance
 Y - a +2 plate armour of poison resistance (worn)
Jewellery
 c - a ring of protection from fire
 l - an amulet of magic regeneration (around neck)
 w - a +4 ring of slaying
 x - a +6 ring of strength (right hand)
 B - a +6 ring of dexterity (left hand)
 T - a ring of flight
 U - a +4 ring of protection
Wands
 a - a wand of polymorph (4)
 E - a wand of mindburst (6)
 P - a wand of roots (13)
 S - a wand of charming (22)
 V - a wand of digging (3)
 Z - a wand of light (3)
Scrolls
 i - 3 scrolls of enchant weapon
 m - 2 scrolls of poison
 o - 8 scrolls of enchant armour
 r - 2 scrolls of fear
 s - 4 scrolls of teleportation
 v - a scroll of acquirement
 D - 6 scrolls of blinking
 J - 3 scrolls of summoning
 K - a scroll of revelation
 M - 2 scrolls of vulnerability
 O - 3 scrolls of fog
 Q - 8 scrolls of identify
Potions
 d - 5 potions of might
 h - 4 potions of lignification
 j - 6 potions of enlightenment
 k - 5 potions of haste
 n - 4 potions of curing
 p - 18 potions of ambrosia
 z - a potion of invisibility
 F - a potion of heal wounds
 L - a potion of magic
 W - 2 potions of cancellation
 X - a potion of resistance
Miscellaneous
 A - a phantom mirror
 R - a sack of spiders


   Skills:
 + Level 18.5 Fighting
 + Level 21.1(21.3) Axes
 + Level 4.5(14.6) Polearms
 + Level 4.9 Throwing
 + Level 18.6 Armour
 + Level 6.1 Dodging
 * Level 6.1 Stealth
 + Level 18.1 Shields
 + Level 8.5 Spellcasting
 + Level 0.1 Conjurations
 * Level 4.7 Translocations
 + Level 0.2 Air Magic
 + Level 1.7 Evocations


You had 25 spell levels left.
You knew the following spells:

 Your Spells              Type           Power      Damage    Failure   Level
a - Apportation           Tloc           30%        N/A       16%         1
b - Blink                 Tloc           30%        N/A       24%         2
c - Swiftness             Air            5%         N/A       97%         3
d - Passage of Golubria   Tloc           15%        N/A       85%         4

Your spell library contained the following spells:

 Spells                   Type           Power      Damage    Failure   Level
 Lesser Beckoning         Tloc           30%        N/A       24%         2
 Momentum Strike          Conj/Tloc      20%        3d8       54%         2
 Shock                    Conj/Air       20%        1d4       71%         1
 Sting                    Conj/Alch      16%        1d4       73%         1
 Necrotise                Necr           16%        1d4       75%         1
 Slow                     Hex            16%        N/A       75%         1
 Summon Small Mammal      Summ           16%        N/A       75%         1
 Static Discharge         Conj/Air       10%        3-4/arc   85%         2
 Manifold Assault         Tloc           15%        N/A       85%         4
 Ensorcelled Hibernation  Hex/Ice        8%         N/A       86%         2
 Jinxbite                 Hex            8%         N/A       86%         2
 Mercury Vapours          Alch/Air       8%         N/A       86%         2
 Confusing Touch          Hex            4%         N/A       98%         3
 Inner Flame              Hex/Fire       4%         N/A       98%         3
 Passwall                 Erth           4%         N/A       98%         3
 Sigil of Binding         Hex            4%         N/A       98%         3
 Summon Ice Beast         Ice/Summ       4%         N/A       98%         3
 Vampiric Draining        Necr           4%         2d6       98%         3
 Airstrike                Air            2%         2d(1-17)  100%        4
 Leda's Liquefaction      Alch/Erth      2%         N/A       100%        4
 Martyr's Knell           Necr/Summ      4%         N/A       100%        4
 Olgreb's Toxic Radiance  Alch           4%         N/A       100%        4
 Summon Lightning Spire   Summ/Air       4%         N/A       100%        4
 Alistair's Intoxication  Alch           2%         N/A       100%        5
 Curse of Agony           Necr           4%         N/A       100%        5
 Irradiate                Conj/Alch      2%         3d12      100%        5
 Lee's Rapid Deconstruct  Erth           2%         3d4*      100%        5
 Silence                  Hex/Air        2%         N/A       100%        5
 Summon Forest            Summ/Tloc      4%         N/A       100%        5
 Summon Mana Viper        Hex/Summ       4%         N/A       100%        5
 Bombard                  Conj/Erth      2%         9d1       100%        6
 Dispersal                Tloc           7%         N/A       100%        6
 Summon Cactus Giant      Summ           2%         N/A       100%        6
 Monstrous Menagerie      Summ           2%         N/A       100%        7
 Disjunction              Tloc           7%         N/A       100%        8
 Ignition                 Fire           2%         3d3       100%        8
 Lehudib's Crystal Spear  Conj/Erth      2%         10d2      100%        8


Dungeon Overview and Level Annotations

Branches:
Dungeon (15/15)            Temple (0/1) D:6            Lair (5/5) D:10
  Swamp (4/4) Lair:2       Spider (4/4) Lair:2        Slime (0/5) Lair:4
    Orc (2/2) D:12            Elf (0/3) Orc:2        Vaults (2/5) D:13
 Depths (0/4) D:15          Sewer (visited)
  Crypt: Vaults:2-3

Altars:
Ashenzari
Cheibriados
Dithmenos
Elyvilon
Kikubaaqudgha
Makhleb
Nemelex Xobeh
Qazlal
Ru
Xom
Jiyva

Shops:
D:4 (   D:7 !::[*[   Orc:2 (:[(   Vaults:1 (*   Vaults:2 *

Annotations:
D:8 2 transporters
D:15 Jorgrun
Lair:3 exclusion: oklob plant
Orc:2 Saint Roka
Vaults:1 1 runed translucent door, astronautguy's ghost, master FoEE


Innate Abilities, Weirdness & Mutations

You have a pair of horns on your head.
You reflexively headbutt those who attack you in melee.


Message History

You slash the centaur warrior! You freeze the centaur warrior.
You kill the centaur warrior!
The centaur warrior hits you but does no damage.
You block the centaur warrior's attack.
The centaur warrior shoots an arrow.
The arrow hits you.
You block the ironbound frostheart's attack.
Unknown command.
You barely miss the centaur warrior.
The centaur warrior is almost dead.
You barely miss the ironbound frostheart.
You block the centaur warrior's attack. The centaur warrior kicks you.
The centaur warrior shoots an arrow.
You block the arrow. The ironbound frostheart touches you!
The ironbound frostheart freezes you!
Unknown command.
You block the centaur warrior's attack. x2
The centaur warrior unwields a +0 orcbow.
The centaur warrior closely misses you.
You block the centaur warrior's attack. x2
The centaur warrior kicks you but does no damage.
The centaur warrior hits you but does no damage.
The centaur warrior kicks you but does no damage.
The ironbound frostheart calls freezing cold from the walls.
The frost grips you!!
* * * LOW HITPOINT WARNING * * *
You are encased in ice.
You slice the centaur warrior!! You freeze the centaur warrior!
The centaur warrior is severely wounded.
You slash the centaur warrior! You freeze the centaur warrior.
You kill the centaur warrior!
The centaur warrior hits you but does no damage.
You block the centaur warrior's attack.
Unknown command.
The centaur warrior wields a +0 orcbow.
The centaur warrior shoots an arrow.
You block the arrow.
You block the ironbound frostheart's attack.
The ironbound frostheart touches you!
* * * LOW HITPOINT WARNING * * *
The ironbound frostheart freezes you!
* * * LOW HITPOINT WARNING * * *
The centaur warrior shoots an arrow.
The arrow hits you.
You die...

... #.......##...# ...
...##.......##[..#
...##.......#..#[.
....#.......#[[[<.
#...#.......#.....
#...'.......#..#.#
##...#.......#..#..
#.[p.#.......#..#..
###)@.##.......#.##..
#..)..##.......#..###
......c.###.....#'#''###
.......####.....#.......
.....## ##......#...~.~.
+#### #.......#..≈≈.~~
#.......#.~~≈.~≈
#.......#.~≈P.P≈
#.......#.~~≈∩~≈


You could see an ironbound frostheart and a centaur warrior.

Vanquished Creatures
  A bone dragon (Swamp:4)
  2 tentacled monstrosities
  The ghost of Vubreenic the Markscentaur, an adept CeHu of Okawaru (Spider:2)
  Gastronok (D:10)
  Donald (Vaults:1)
  A fenstrider witch (Swamp:4)
  8 emperor scorpions
  Louise (Spider:1)
  A vault warden (Vaults:1)
  3 ghost moths (Spider:4)
  4 ironbound preservers
  3 broodmothers (Spider:4)
  The ghost of hofbold the Covert, a journeyman OpBr of Sif Muna (D:13)
  3 ghouls
  A stone giant (D:15)
  An ironbound thunderhulk (Vaults:1)
  An orc warlord (Orc:2)
  3 eleionomae
  4 bunyips
  2 spark wasps
  4 dire elephants (Vaults:1)
  An ettin (Orc:1)
  4 shambling mangroves
  2 entropy weavers (Spider:2)
  An entropy weaver (shapeshifter) (D:13)
  Josephine (D:9)
  4 yaktaur captains
  A jorogumo (Spider:1)
  16 hydras
  An ogre mage (D:15)
  A rakshasa (D:13)
  4 vault guards
  6 boulder beetles
  2 death knights
  A radroach (Spider:2)
  16 alligators
  A ghost crab (Swamp:4)
  6 ironbound frosthearts
  A spriggan air mage (Swamp:3)
  7 centaur warriors
  11 death yaks (Lair:1)
  5 two-headed ogres
  A death scarab (Spider:1)
  A deep troll earth mage (D:10)
  3 tengu warriors
  7 demonic crawlers
  An orc high priest (Orc:2)
  Sonja (D:9)
  3 goliath frogs
  7 pharaoh ants
  2 death drakes (Swamp:4)
  A skyshark (Lair:5)
  5 skeletal warriors
  A fire crab (Lair:4)
  16 deep trolls
  8 spriggan druids
  15 swamp dragons
  A sun moth (Spider:1)
  2 arcanists (Vaults:1)
  7 bog bodies
  12 orb spiders
  10 lindwurms
  A necromancer (Vaults:1)
  7 orc knights
  3 spectral hydras (Swamp:4)
  2 ironbound convokers
  2 spectral alligators (Swamp:4)
  9 steelbarb worms
  A harpy (shapeshifter) (D:14)
  3 deep elf pyromancers
  6 ugly things
  A human zombie (Vaults:1)
  3 phantasmal warriors
  2 orc sorcerers
  27 wolf spiders
  3 cyclopes
  A frost giant zombie (Vaults:1)
  6 will-o-the-wisps
  Maurice (D:11)
  5 moths of wrath
  7 black mambas
  A guardian serpent (Lair:3)
  9 kobold blastminers (Orc:2)
  6 meliai
  4 manticores
  4 elephants (Lair:3)
  6 vault sentinels
  9 torpor snails
  13 cane toads
  A gargoyle (D:13)
  An unseen horror (D:10)
  3 rime drakes
  An efreet (D:15)
  2 kobold demonologists (D:13)
  Psyche (D:11)
  2 freezing wraiths (D:14)
  11 komodo dragons
  A yaktaur (Vaults:1)
  A queen bee (Lair:4)
  3 swamp worm zombies (Swamp:4)
  5 polar bears
  10 trolls
  10 tyrant leeches
  2 bloated husks
  2 hydra zombies (Swamp:4)
  18 hornets
  15 blink frogs
  22 tarantellas
  4 spectral swamp dragons (Swamp:4)
  11 dream sheep (Lair:5)
  40 jumping spiders
  20 slime creatures
  A shadow (D:11)
  2 centaur simulacra
  2 vampires
  7 wraiths
  17 culicivoras
  4 wyverns
  24 spriggans
  5 tyrant leech zombies (Swamp:4)
  64 yaks
  4 basilisks
  3 wargs
  12 vampire mosquitoes
  Menkaure (D:4)
  A steam dragon (D:9)
  A steam dragon (shapeshifter) (D:13)
  59 redbacks
  13 swamp worms
  3 acid dragons
  12 water moccasins
  Duvessa (D:7)
  A glowing shapeshifter skeleton (Vaults:1)
  7 swamp drakes
  3 swamp dragon zombies (Swamp:4)
  44 orc warriors
  An ettin simulacrum (Vaults:1)
  2 sky beasts
  4 black bears
  4 laughing skulls
  2 crocodiles (Sewer)
  11 ogres
  8 boggarts
  6 centaurs
  34 wolves
  5 phantoms (Swamp:4)
  A necrophage (Swamp:4)
  7 bullfrogs
  4 gnoll sergeants
  14 wights
  Dowan (D:7)
  27 killer bees
  3 howler monkeys
  An electric eel (Lair:3)
  2 gnoll boudas
  16 orc priests
  2 jellies
  2 hounds
  An iguana (D:3)
  23 orc wizards
  14 hell rats
  A sickly merfolk siren (Sewer)
  A malarious merfolk avatar (Sewer)
  28 gnolls
  11 adders
  A river rat (Sewer)
  A shadow imp (D:8)
  A white imp (D:6)
  4 ufetubi
  A dart slug (D:2)
  3 ribbon worms
  68 orcs
  5 bats
  9 endoplasms
  4 giant cockroaches
  6 goblins
  11 hobgoblins
  6 jackals
  13 kobolds
  7 quokkas
  9 ball pythons
  9 frilled lizards
  21 rats
1277 creatures vanquished.

Vanquished Creatures (others)
  An unseen horror (D:12)
  3 bloated husks
  A swamp worm (Swamp:4)
  A swamp dragon zombie (Swamp:4)
  A phantom (Swamp:4)
  11 foxfires
18 creatures vanquished.

Grand Total: 1295 creatures vanquished

Notes
Turn   | Place    | Note
-------+----------+-------------------------------------------
     0 | D:1      | fmpn781 the Minotaur Fighter began the quest for the Orb.
     0 | D:1      | Reached XP level 1. HP: 19/19 MP: 0/0
    46 | D:1      | Reached XP level 2. HP: 24/27 MP: 1/1
   215 | D:1      | Reached XP level 3. HP: 32/34 MP: 2/2
   579 | D:1      | Reached skill level 3 in Axes
  1263 | D:2      | Reached XP level 4. HP: 36/41 MP: 3/3
  1553 | D:2      | Found a faded altar of an unknown god.
  1859 | D:3      | Learned a level 1 spell: Shock
  2082 | D:3      | Reached XP level 5. HP: 36/47 MP: 4/4
  2229 | D:3      | Reached skill level 1 in Dodging
  2598 | D:3      | Found a stormy altar of Qazlal.
  2710 | D:3      | Identified the +0 scale mail "Urchaire" {Will+ Slay+3}
  2880 | D:4      | Reached skill level 4 in Axes
  3011 | D:4      | Reached skill level 5 in Armour
  3018 | D:4      | Found an ancient bone altar of Kikubaaqudgha.
  3046 | D:4      | Found a broken altar of Ashenzari.
  3068 | D:4      | Found a shimmering altar of Xom.
  3073 | D:4      | Noticed Menkaure
  3316 | D:4      | Found a snail-covered altar of Cheibriados.
  3336 | D:5      | Entered Level 5 of the Dungeon
  3342 | D:5      | Noticed a black bear
  3410 | D:5      | Killed a black bear
  3411 | D:5      | Reached skill level 5 in Axes
  3411 | D:5      | Reached XP level 6. HP: 40/55 MP: 5/5
  3420 | D:5      | Reached skill level 5 in Fighting
  3567 | D:5      | Found a glowing drain.
  3582 | Sewer    | Entered a sewer
  3812 | Sewer    | Reached skill level 6 in Axes
  3812 | Sewer    | Reached XP level 7. HP: 30/61 MP: 6/6
  3967 | Sewer    | Reached skill level 1 in Throwing
  4990 | D:6      | Found a shadowy altar of Dithmenos.
  5073 | D:6      | Found a sacrificial altar of Ru.
  5100 | D:6      | Reached skill level 5 in Shields
  5127 | D:6      | Found a sparkling altar of Nemelex Xobeh.
  5143 | D:6      | Reached skill level 7 in Axes
  5342 | D:6      | Reached XP level 8. HP: 45/67 MP: 7/7
  5991 | D:6      | Found a staircase to the Ecumenical Temple.
  5993 | D:6      | Identified the +0 helmet of the Weaver {Dex+4}
  6076 | D:6      | Found a white marble altar of Elyvilon.
  6412 | D:6      | Learned a level 2 spell: Static Discharge
  6416 | D:6      | Learned a level 3 spell: Swiftness
  6542 | D:7      | Found Iqaonn's Book Shop.
  6855 | D:7      | Found Jumaovax's Antique Armour Shop.
  6910 | D:7      | Reached skill level 8 in Axes
  7063 | D:7      | Bought a pair of embroidered gloves for 247 gold pieces
  7209 | D:6      | Reached XP level 9. HP: 78/78 MP: 1/8
  7468 | D:7      | Reached skill level 9 in Axes
  7659 | D:7      | Found Xufosaif's Mass Market.
  7708 | D:7      | Reached skill level 10 in Axes
  7893 | D:7      | Found Hetsuq's Distillery.
  7901 | D:7      | Bought a potion of curing for 33 gold pieces
  7901 | D:7      | Bought a potion of lignification for 33 gold pieces
  7954 | D:7      | Found Biugoull's Book Shop.
  8188 | D:7      | Found Hohutusy's Antique Armour Emporium.
  8306 | D:7      | Noticed Dowan
  8307 | D:7      | Noticed Duvessa
  8416 | D:7      | Reached skill level 11 in Axes
  8740 | D:8      | Found a transporter.
  8754 | D:8      | Found a transporter.
  8754 | D:8      | Noticed a boulder beetle
  8776 | D:8      | Reached XP level 10. HP: 56/86 MP: 7/9
  9191 | D:7      | Bought a potion of curing for 33 gold pieces
 10240 | D:8      | Reached skill level 1 in Stealth
 10447 | D:8      | Reached skill level 1 in Evocations
 10850 | D:9      | Reached skill level 12 in Axes
 11344 | D:10     | Entered Level 10 of the Dungeon
 11510 | D:10     | Noticed Josephine
 11648 | D:10     | Noticed a two-headed ogre
 11765 | D:7      | Killed Dowan
 11772 | D:7      | Killed Duvessa
 12338 | D:4      | Found Xiosh's Weapon Shoppe.
 12692 | D:4      | Killed Menkaure
 12871 | D:10     | Noticed a manticore
 12997 | D:9      | Reached skill level 10 in Armour
 13056 | D:9      | Killed a two-headed ogre
 13232 | D:10     | Noticed a deep troll
 13243 | D:9      | Killed a deep troll
 13356 | D:10     | Killed a manticore
 13357 | D:10     | Reached XP level 11. HP: 38/95 MP: 6/10
 13589 | D:10     | Found a staircase to the Lair.
 13592 | D:10     | Noticed a brown ugly thing
 13674 | D:10     | Killed a brown ugly thing
 13849 | D:9      | Killed Josephine
 13943 | D:10     | Noticed a yaktaur captain
 13955 | D:9      | Reached skill level 13 in Axes
 14333 | D:10     | Reached skill level 1 in Spellcasting
 14375 | D:10     | Noticed Sonja
 15438 | D:9      | HP: 3/97 [something (2)]
 15799 | D:10     | Noticed Gastronok
 15990 | D:10     | Killed a yaktaur captain
 16140 | Lair:1   | Entered Level 1 of the Lair of Beasts
 16585 | Lair:1   | Noticed a death yak
 16585 | Lair:1   | Noticed a death yak
 16797 | Lair:1   | Reached skill level 10 in Fighting
 17170 | Lair:1   | Reached XP level 12. HP: 76/106 MP: 6/14
 17442 | Lair:1   | Noticed a death yak
 17582 | Lair:1   | Killed a death yak
 17583 | Lair:1   | Reached skill level 14 in Axes
 18022 | Lair:1   | Noticed a death yak
 18106 | Lair:1   | Killed a death yak
 18179 | Lair:1   | Noticed a death yak
 18179 | Lair:1   | Noticed a death yak
 18179 | Lair:1   | Noticed a death yak
 18383 | Lair:1   | Killed a death yak
 18589 | Lair:1   | Noticed a death yak
 18589 | Lair:1   | Noticed a death yak
 18589 | Lair:1   | Noticed a death yak
 18900 | Lair:1   | HP: 8/162 [poisoned by a cane toad]
 18905 | Lair:1   | HP: 3/162 [poisoned by a cane toad]
 19711 | Lair:2   | Noticed a four-headed hydra
 19766 | Lair:1   | Killed a four-headed hydra
 19876 | Lair:2   | Reached skill level 1 in Polearms
 20081 | Lair:2   | Found a hole to the Spider Nest.
 20429 | Lair:2   | Found a staircase to the Swamp.
 21045 | Lair:3   | Reached skill level 15 in Axes
 21645 | Lair:3   | Reached XP level 13. HP: 93/117 MP: 3/18
 22488 | Lair:3   | Identified a scroll of acquirement
 23565 | D:10     | Killed Gastronok
 23823 | D:10     | Reached skill level 5 in Dodging
 24384 | D:10     | Identified the +7 halberd "Pygiuvuh" {spect, rElec rPois
                  | rCorr Stlth+}
 24839 | D:10     | Found a burning altar of Makhleb.
 24839 | D:10     | Noticed a cacodemon
 25574 | D:11     | Noticed Maurice
 25595 | D:11     | Something stole 12 boomerangs
 25608 | D:11     | Killed Maurice
 26950 | D:12     | Noticed Psyche
 27026 | D:11     | Killed Psyche
 27135 | D:12     | Found a staircase to the Orcish Mines.
 27882 | D:13     | Noticed hofbold's ghost (journeyman OpBr)
 27882 | D:13     | Found a runed translucent gate.
 27892 | D:13     | Reached skill level 5 in Spellcasting
 27924 | D:13     | Identified the +4 chain mail of the Northern Lights {rN+
                  | rCorr Int-5}
 27925 | D:13     | Found a runed translucent gate.
 27928 | D:13     | Found a runed translucent gate.
 27976 | D:12     | Reached skill level 16 in Axes
 28107 | D:12     | Upgraded the game from 0.31.0-9-g3a7656b989 to
                  | 0.31.0-11-ge490571c62
 29838 | D:13     | Reached XP level 14. HP: 106/127 MP: 18/21
 30278 | D:13     | Found a gate to the Vaults.
 30635 | D:10     | Reached skill level 10 in Shields
 31094 | D:14     | Reached skill level 15 in Armour
 31184 | D:14     | You fall into a shaft and drop 1 floor!
 31184 | D:15     | Entered Level 15 of the Dungeon
 34478 | D:15     | Noticed Jorgrun
 34755 | Orc:1    | Entered Level 1 of the Orcish Mines
 35097 | Orc:2    | Entered Level 2 of the Orcish Mines
 35097 | Orc:2    | Found a staircase to the Elven Halls.
 35236 | Orc:2    | Reached skill level 17 in Axes
 35248 | Orc:2    | Noticed Saint Roka
 35509 | Orc:2    | Found Gatum's Book Shoppe.
 36080 | Orc:2    | Found Afeduf's Weapon Shop.
 36362 | Orc:2    | Noticed an orc warlord
 37379 | Lair:3   | Found the +3 pair of seven-league boots {Rampage+∞}
 37498 | Lair:4   | Reached XP level 15. HP: 114/137 MP: 18/23
 37554 | Lair:4   | Found a viscous altar of Jiyva.
 37555 | Lair:4   | Found a staircase to the Slime Pits.
 39158 | Lair:5   | Entered Level 5 of the Lair of Beasts
 39714 | Lair:5   | Reached skill level 18 in Axes
 41388 | D:9      | Killed Sonja
 41451 | D:7      | Bought a +0 tower shield for 58 gold pieces
 41649 | Swamp:1  | Entered Level 1 of the Swamp
 41686 | Lair:2   | HP: 10/208 [poisoned by a swamp dragon (poison gas)]
 42456 | Swamp:1  | Reached skill level 15 in Fighting
 43046 | Swamp:1  | Reached XP level 16. HP: 138/149 MP: 23/26
 44000 | Orc:2    | Found Nityukil's Antique Weapon Shoppe.
 44145 | Orc:2    | Found Irungow's Antique Armour Emporium.
 44913 | D:15     | Found a staircase to the Depths.
 45243 | Spider:1 | Entered Level 1 of the Spider Nest
 45256 | Spider:1 | Noticed Louise
 45424 | Spider:1 | Killed Louise
 45775 | Spider:1 | Reached skill level 19 in Axes
 48473 | Spider:2 | Noticed Vubreenic's ghost (adept CeHu)
 48541 | Spider:2 | Found a runed translucent door.
 49481 | Spider:2 | Identified the +0 leather armour of the Gloaming {+Blink
                  | rF++ rCorr Str-5}
 49842 | Spider:2 | Killed Vubreenic's ghost
 50347 | Spider:1 | Reached XP level 17. HP: 84/158 MP: 25/28
 52116 | Spider:4 | Entered Level 4 of the Spider Nest
 52447 | Spider:4 | Reached skill level 15 in Shields
 53711 | Spider:4 | Reached skill level 20 in Axes
 54590 | Spider:4 | Got a gossamer rune of Zot
 55249 | Lair:1   | Learned a level 1 spell: Apportation
 55259 | Lair:1   | Learned a level 2 spell: Blink
 55270 | Lair:1   | Learned a level 4 spell: Passage of Golubria
 55998 | Swamp:2  | Reached skill level 1 in Translocations
 56682 | D:7      | Bought a runed cloak for 247 gold pieces
 56963 | D:13     | Killed hofbold's ghost
 58512 | Swamp:3  | Reached XP level 18. HP: 170/170 MP: 27/29
 59184 | Swamp:3  | Noticed a tentacled monstrosity
 59190 | Swamp:3  | Killed a tentacled monstrosity
 60241 | Swamp:4  | Entered Level 4 of the Swamp
 60263 | Swamp:4  | Noticed a tentacled monstrosity
 60393 | Swamp:4  | Killed a tentacled monstrosity
 61916 | Swamp:4  | Noticed a bone dragon
 61955 | Swamp:4  | Killed a bone dragon
 62111 | Swamp:4  | Got a decaying rune of Zot
 62445 | Vaults:1 | Entered Level 1 of the Vaults
 62445 | Vaults:1 | Found Boaqe's Assorted Antiques.
 62739 | Vaults:1 | Reached skill level 5 in Stealth
 62928 | Vaults:1 | Found Orusige's Weapon Boutique.
 63292 | Vaults:1 | Found a runed translucent door.
 63292 | Vaults:1 | Noticed astronautguy's ghost (master FoEE)
 63633 | Vaults:1 | Reached XP level 19. HP: 143/179 MP: 22/30
 63877 | Vaults:1 | Noticed Donald
 63887 | Vaults:1 | Killed Donald
 64018 | Vaults:1 | Reached skill level 21 in Axes
 64810 | Vaults:2 | Found Koiplom's General Store.
 65626 | Vaults:2 | HP: 2/180 [ironbound frostheart (17)]
 65626 | Vaults:2 | Shot with an arrow by a centaur warrior

Illustrated notes

Levels and vault maps discovered:
D:1:      wander_arrival_fairy_ring, layout_basic, st_stairs_1
D:2:      layout_basic, shapermc_ecumenical_altar_mp_vishouse
D:3:      layout_loops_corners, lemuel_coloured_pillars_altar,
          solitary_fountain, skrybe_limestone_x, kennysheep_generic_room_9
D:4:      layout_loops_ring, nicolae_overflow_squiral, kennysheep_mini,
          cheibrodos_worm_habitat, serial_shops, shop, uniq_menkaure
D:5:      layout_loops_cross, portal_sewer_entry_d
D:6:      layout_basic, lemuel_tele_altar, grunt_dithmenos_smoke,
          mainiacjoe_overflow_alcove_1, nicolae_ru_awakened_eye,
          minmay_temple_entry_wispy, serial_library_hellmonk_octagon
D:7:      layout_basic, serial_shops, shop, shop, shop,
          nicolae_shop_advertising_works [nicolae_subvault_shop_adworks],
          nicolae_shop_scrapyard, minmay_shop_mass, uniq_duvessa
D:8:      gammafunk_boulding_lane, layout_loops_cross, fungi_pond_lemuel,
          supply_closet_lemuel, st_stairs_8, chequers_serial_rivers_micro_a
D:9:      layout_rooms
D:10:     minmay_chopped_fan, layout_basic, makhleb_altar_promises_db,
          erik_lair_orcish_takeover, kennysheep_generic_room_16, uniq_gastronok,
          uniq_sonja, uniq_josephine
D:11:     layout_irregular_city, nicolae_fountain_basement, uniq_maurice
D:12:     layout_cave_pods, orc_0_dummy, nicolae_twisting_strands, uniq_psyche
D:13:     layout_long_grid, lightli_vaults_fourway_checkpoint,
          biasface_ghost_orc_armoury
D:14:     layout_roguey, minmay_misc_feat_hallway
D:15:     grunt_enter_depths_snipers, layout_basic, led_sif_pool,
          serial_bayou_lagoon_a, uniq_jorgrun
Lair:1:   layout_regular_city, serial_rivers, chequers_serial_rivers_large_b,
          chequers_serial_rivers_small_3, chequers_serial_rivers_marsh,
          chequers_serial_rivers_micro_b, chequers_serial_rivers_micro_b,
          pdpol_lair_neglected_garden, grunt_megastairs_1
Lair:2:   layout_regular_city, swamp_mist_pool, spider_nest_entry_rubble
Lair:3:   layout_cave_pods, hellmonk_guarded_unrand_seven_league_boots,
          serial_bayou_shore_a, infiniplex_staircase_pool
Lair:4:   layout_loops_ring, slime_entry_1, special_room [special_room_bee],
          st_stairs_11
Lair:5:   minmay_lair_end_enchanted_forest, layout_long_grid
Swamp:1:  layout_falls_marsh, nicolae_swamp_oxbows, infiniplex_staircase_pool_2,
          nicolae_swamp_decorative_isthmus, nicolae_swamp_tree_isthmus
Swamp:2:  layout_basic_swamp, evilmike_swamp_ruin_rubble_2
Swamp:3:  nzn_winding_woodlands_three_and_one
          [nzn_winding_woodlands_5x15_zeroes, nzn_winding_woodlands_5x15_parted,
          nzn_winding_woodlands_5x15_longhouse,
          nzn_winding_woodlands_center_pierced_h], layout_basic_swamp,
          evilmike_swamp_ruin_house_3, swamp_pool_4, st_swamp_ruins_1
Swamp:4:  swamp_pestilence, layout_basic_swamp, swamp_pool_1_2
Spider:1: layout_chambers, drop_trap, nicolae_spider_orb_run, uniq_louise
Spider:2: layout_cave_pods, hellmonk_ghost_happy_afterlife
Spider:3: layout_spider_delve
Spider:4: guppyfry_spider_rune, nicolae_spider_some_kinda_spiderbox
Orc:1:    layout_caves
Orc:2:    grunt_orc_community_town_hall, layout_caves,
          grunt_orc_community_big_house_2, grunt_orc_community_big_house_2,
          grunt_orc_community_house_1, grunt_orc_community_house_2,
          grunt_orc_community_house_3, grunt_orc_community_house_3,
          grunt_orc_community_house_3, uniq_saint_roka
Vaults:1: ebering_ghost_inner_flame, grunt_vaults_funnel, v_misc_26,
          nicolae_vaults_little_squares_4, nicolae_vaults_hexular_roomagon,
          hangedman_vaults_corner_blocks, vaults_dpeg_emergency_exit,
          vaults_standard_mumra_x, nicolae_vaults_double_plus_1,
          vaults_room_grunt_arrival_ludios, layout_vaults_omnicross,
          serial_shops, shop, shop, uniq_donald
Vaults:2: nicolae_vaults_stepped_doors, nicolae_vaults_diagonal_hallway_7,
          nicolae_vaults_stairing_the_circle, hangedman_vaults_maws, v_rooms_1,
          nicolae_vaults_offset_grid_hallway_3, nicolae_vaults_circle_grid_a,
          nicolae_vaults_little_squares_2, vaults_room_mumra_shop_pool,
          nicolae_vaults_tetromino_Z_1, layout_vaults_omnigrid, serial_shops,
          shop

Skill      XL: |  1  2  3  4  5  6  7  8  9 10 11 12 13 14 15 16 17 18 19 |
---------------+----------------------------------------------------------+-----
Fighting       | 4 5 6 7 8 10 11 12 13 15 16 17 18 | 18.5
Shields        | 4 5 6 7 8 9 11 12 14 16 17 18 | 18.1
Axes           | 3 5 6 7 8 11 12 13 15 16 17 18 19 20 21 | 21.1
Armour         | 4 5 6 7 8 10 11 13 14 15 16 17 18 | 18.6
Dodging        | 1 2 3 4 5 6 |  6.1
Throwing       | 2 3 4 |  4.9
Stealth        | 1 2 5 6 |  6.1
Evocations     | 1 |  1.7
Spellcasting   | 2 4 5 6 7 8 |  8.5
Polearms       | 1 2 3 4 |  4.5
Translocations | 1 4 |  4.7
Conjurations   | |  0.1
Air Magic      | |  0.2

Action                     |  1- 3 |  4- 6 |  7- 9 | 10-12 | 13-15 | 16-18 | 19-21 || total
---------------------------+-------+-------+-------+-------+-------+-------+-------++-------
  Melee: War axe           |    62 |   171 |   261 |   543 |   572 |       |       ||  1609
         Headbutt          |    10 |    21 |    37 |   145 |   300 |   395 |    30 ||   938
         Trident           |       |       |       |     7 |    25 |    50 |       ||    82
         Broad axe         |       |       |       |       |   652 |  1423 |   145 ||  2220
  Throw: Dart              |     3 |    11 |    40 |    23 |     9 |       |       ||    86
         Boomerang         |       |       |     6 |     6 |       |       |       ||    12
   Cast: Shock             |       |       |       |       |     1 |       |       ||     1
  Evoke: Wand              |       |       |     8 |     7 |    12 |       |       ||    27
    Use: Scroll            |       |     7 |     4 |     6 |    17 |    11 |       ||    45
         Potion            |       |       |       |    12 |     4 |     4 |       ||    20
   Stab: Confused          |       |       |       |       |       |     1 |       ||     1
 Armour: Scale mail        |    64 |   148 |   233 |    29 |       |       |       ||   474
         Plate armour      |       |       |       |   591 |   966 |  1133 |    98 ||  2788
         Skin              |       |       |       |       |     6 |       |       ||     6
  Dodge: Dodged            |    46 |    91 |   151 |   257 |   392 |   416 |    35 ||  1388
  Block: Buckler           |    21 |    46 |    83 |   205 |   127 |       |       ||   482
         Kite shield       |       |       |       |       |   383 |       |       ||   383
         Tower shield      |       |       |       |       |    76 |  1550 |   160 ||  1786
